 Dungeon Crawl Stone Soup version 0.21.1-1-g345015fe64 (webtiles) character file.

114 Gearwhore the Gusty (level 4, -2/25 HPs)
             Began as a Tengu Air Elementalist on May 16, 2018.
             Slain by an ogre
             ... wielding a +0 giant club
              (27 damage)
             ... on level 4 of the Dungeon.
             The game lasted 00:09:29 (3611 turns).

Gearwhore the Gusty (Tengu Air Elementalist)        Turns: 3611, Time: 00:09:31

Health: -2/25      AC:  4    Str:  5 (8)  XL:     4   Next: 98%
Magic:  12/18      EV: 12    Int: 15 (16) God:
Gold:   186        SH:  0    Dex: 12 (15) Spells: 3/9 levels left

rFire    . . .     SeeInvis .   d - +0 dagger
rCold    + . .     Gourm    .   (no shield)
rNeg     + . .     Faith    .   h - +1 robe {rC+}
rPois    .         Spirit   .   (helmet restricted)
rElec    .         Reflect  .   (no cloak)
rCorr    .         Harm     .   o - +0 pair of gloves
MR       .....                  (boots unavailable)
Stlth    ++........             (no amulet)
HPRegen  0.08/turn              x - ring of magical power
MPRegen  0.16/turn              u - ring of positive energy

@: sluggish, very slightly contaminated, very slow
A: beak, talons 3
a: no special abilities


You were on level 4 of the Dungeon.
You were very hungry.

You visited 1 branch of the dungeon, and saw 4 of its levels.

You collected 186 gold pieces.

Inventory:

Hand Weapons
 d - a +0 dagger (weapon)
Armour
 h - a +1 robe of cold resistance (worn)
 o - a +0 pair of gloves (worn)
Jewellery
 k - an uncursed ring of fire
 p - an uncursed ring of resist corrosion
 u - a ring of positive energy (right hand)
 x - a ring of magical power (left hand)
Wands
 m - a wand of iceblast (10)
 y - a wand of disintegration (11)
Scrolls
 a - a scroll of fog {unknown}
 g - 2 scrolls of remove curse
 i - a scroll of enchant weapon {unknown}
 j - a scroll of teleportation
 q - a scroll of magic mapping {unknown}
 r - a scroll of blinking {unknown}
 v - a scroll of enchant armour {unknown}
Potions
 e - 3 potions of flight
 f - 2 potions of degeneration
 l - a potion of heal wounds {unknown}
 n - a potion of magic {unknown}
 s - a potion of agility
 t - a potion of mutation {unknown}
 w - a potion of curing {unknown}
Books
 b - a book of Air

   Spells                             Type                      Level
   a - Shock                          Conjuration/Air              1
   b - Swiftness                      Charms/Air                   2
   c - Static Discharge               Conjuration/Air              3
   d - Airstrike                      Air                          4
   e - Lightning Bolt                 Conjuration/Air              5
Comestibles
 c - 4 rations


   Skills:
 + Level 1.4 Fighting
 + Level 1.4 Short Blades
 - Level 2.1 Dodging
 - Level 2.0 Stealth
 * Level 3.1 Spellcasting
 + Level 2.7 Conjurations
 + Level 4.7 Air Magic


You had 3 spell levels left.
You knew the following spells:

 Your Spells              Type           Power        Failure   Level  Hunger
a - Shock                 Conj/Air       ##..         4%          1    #......
b - Swiftness             Chrm/Air       #.......     12%         2    ##.....
c - Static Discharge      Conj/Air       ##......     13%         3    ###....


Dungeon Overview and Level Annotations

Branches:
Dungeon (4/15)             Temple (0/1) D:4

Altars:


Innate Abilities, Weirdness & Mutations

You have a beak for a mouth.
You have claws for feet.


Message History

Aiming: Shock
Press: ? - help, Shift-Dir - straight line, f/p - ogre
Aim: an ogre, wielding a giant club (moderately wounded)
The zap misses the ogre.
Casting: Shock
Confirm with . or Enter, or press ? or * to list all spells.
Aiming: Shock
Press: ? - help, Shift-Dir - straight line, f/p - ogre
Aim: an ogre, wielding a giant club (moderately wounded)
You miscast Shock.
You are very lightly contaminated with residual magic.
Nothing appears to happen.
You feel sluggish.
Casting: Shock
Confirm with . or Enter, or press ? or * to list all spells.
The ogre is struck by lightning.
The ogre is heavily wounded.
The lightning grounds out.
The ogre hits you with a giant club!!
Ouch! That really hurt!
You die... #.###################### .......@O............... #.######################

You could see an ogre.

Vanquished Creatures
  An orc wizard (D:4)
  3 adders (D:2)
  2 oozes
  A worm (D:3)
  11 orcs
  A ball python (D:2)
  2 giant cockroaches
  2 goblins
  4 hobgoblins
  3 jackals (D:2)
  A quokka (D:2)
  3 bats
  3 frilled lizards
  8 kobolds
  A quokka skeleton (D:4)
46 creatures vanquished.

Notes
Turn   | Place    | Note
-------+----------+-------------------------------------------
     0 | D:1      | Gearwhore the Tengu Air Elementalist began the quest for the Orb.
     0 | D:1      | Reached XP level 1. HP: 10/10 MP: 4/4
     3 | D:1      | Noticed a minotaur zombie
     4 | D:1      | Noticed a minotaur zombie
   741 | D:2      | Reached XP level 2. HP: 10/15 MP: 4/6
   828 | D:2      | Learned a level 2 spell: Swiftness
   979 | D:2      | Reached XP level 3. HP: 20/20 MP: 0/7
  1302 | D:2      | Reached skill level 1 in Short Blades
  1759 | D:3      | Reached skill level 1 in Fighting
  1864 | D:2      | Reached XP level 4. HP: 21/25 MP: 6/9
  2544 | D:3      | Learned a level 3 spell: Static Discharge
  3161 | D:4      | Found a staircase to the Ecumenical Temple.
  3587 | D:4      | Noticed an ogre
  3611 | D:4      | Slain by an ogre

Skill      XL: |  1  2  3  4 |
---------------+-------------+-----
Conjurations   | 2 |  2.7
Short Blades   | 1 |  1.4
Fighting       | 1 |  1.4
Spellcasting   | 3 |  3.1
Dodging        | |  2.1
Stealth        | |  2.0
Air Magic      | |  4.7

Action                   |  1- 3 |  4- 6 || total
-------------------------+-------+-------++-------
Melee: Dagger            |    19 |     6 ||    25
       Peck              |     3 |       ||     3
       Kick              |     4 |       ||     4
 Cast: Shock             |    41 |    63 ||   104
       Static Discharge  |       |     2 ||     2
       Swiftness         |       |     1 ||     1
Evoke: Wand              |       |     3 ||     3
  Use: Scroll            |       |     4 ||     4
       Potion            |       |     3 ||     3
  Eat: Chunk             |     3 |     5 ||     8
Armor: Robe              |    13 |     8 ||    21
Dodge: Dodged            |    31 |    12 ||    43
